[Event "42nd Olympiad Baku 2016 Women"]
[Site "Baku"]
[Date "2016.09.05"]
[Round "4.27"]
[White "Hotami, Mutriba"]
[Black "Barbier, Wiebke"]
[Result "0-1"]
[ECO "C41"]
[WhiteElo "1735"]
[BlackElo "2008"]
[Annotator ""]
[PlyCount "106"]
[EventDate "2016.??.??"]
[EventCountry "AZE"]
[SourceTitle "playchess.com"]
[Source "ChessBase"]
[WhiteTeam "Tajikistan"]
[BlackTeam "Belgium"]
[WhiteTeamCountry "TJK"]
[BlackTeamCountry "BEL"]
[TimeControl "40/5400+30:1800+30"]

1. e4 {(00:00)} d6 {(00:00)} 2. d4 {(00:00)} Nf6 {(
00:00)} 3. Nc3 {(00:00)} e5 {(00:00)} 4. Nf3 {(00:00)}
Nbd7 {(00:00)} 5. Bc4 {(00:25)} Be7 {(00:00)} 6. O-O {
(00:18)} O-O {(00:00)} 7. h3 {(00:26)} c6 {(00:04)}
8. a4 {(00:10)} b6 {(00:48)} 9. Qe2 {(00:54)} Qc7 {
(02:41)} 10. Rd1 {(01:23)} a6 {(03:25)} 11. Bg5 {(
06:38)} h6 {(04:18)} 12. Be3 {(01:20)} Re8 {(01:53)} 13.
d5 {(05:17)} c5 {(04:46)} 14. Qd2 {(05:36)} Nf8 {(
09:57)} 15. Be2 {(03:51)} Ng6 {(02:08)} 16. Nh2 {(03:07)}
Rb8 {(03:44)} 17. Ng4 {(02:12)} Nxg4 {(02:11)} 18. hxg4 {
(01:15)} Qd8 {(04:52)} 19. g3 {(03:41)} Bf6 {(02:
08)} 20. Kg2 {(00:55)} Qd7 {(10:15)} 21. Rh1 {(01:32)} b5
{(04:06)} 22. b3 {(03:00)} b4 {(03:53)} 23. Nd1 {(
02:09)} Qd8 {(12:45)} 24. Rh5 {(01:02)} Nf4+ {(09:47)} 25.
gxf4 {(07:55)} exf4 {(00:06)} 26. Bxf4 {(00:08)} Bxa1 {
(00:08)} 27. f3 {(04:59)} Qf6 {(03:07)} 28. Nf2 {(
01:46)} Bc3 {(02:11)} 29. Qc1 {(01:01)} Bb2 {(03:28)} 30.
Qd2 {(00:08)} Bc3 {(00:50)} 31. Qc1 {(00:29)} Ra8 {
(01:15)} 32. Nd3 {(01:33)} Ra7 {(00:43)} 33. g5 {(
01:47)} Qg6 {(00:43)} 34. Qh1 {(00:29)} f5 {(03:49)} 35.
Kf2 {(19:00)} fxe4 {(02:22)} 36. fxe4 {(01:43)} Rf7 {
(01:45)} 37. Bf3 {(01:49)} Ref8 {(00:47)} 38. Rh4 {
(01:53)} Be5 {(01:02)} 39. Bh5 {(17:00)} Rxf4+ {(
02:17)} 40. Rxf4 {(00:00)} Rxf4+ {(00:00)} 41. Nxf4 {(01:
21)} Qxg5 {(00:11)} 42. Ne2 {(02:47)} Bg4 {(05:57)} 43.
Bxg4 {(02:20)} Qxg4 {(01:02)} 44. Qf3 {(00:18)} Qxf3+ {
(01:34)} 45. Kxf3 {(00:06)} h5 {(01:17)} 46. Nc1 {(
05:11)} Kf7 {(00:45)} 47. Nd3 {(00:17)} Kf6 {(00:17)} 48.
Nf2 {(01:42)} g5 {(00:19)} 49. Nd1 {(01:39)} g4+ {(
00:09)} 50. Ke3 {(01:15)} h4 {(00:49)} 51. Nf2 {(02:14)}
Bd4+ {(00:05)} 52. Ke2 {(00:17)} Bxf2 {(00:03)} 53. Kxf2 {
(00:07)} Ke5 {(00:03)} 0-1

[Event "42nd Olympiad Baku 2016 Women"]
[Site "Baku"]
[Date "2016.09.05"]
[Round "4.12"]
[White "Ibrahimi Khadija"]
[Black "Gonchar, Svitlana"]
[Result "0-1"]
[ECO "C02"]
[WhiteElo "1565"]
[BlackElo "1807"]
[Annotator ""]
[PlyCount "110"]
[EventDate "2016.??.??"]
[EventCountry "AZE"]
[SourceTitle "playchess.com"]
[Source "ChessBase"]
[WhiteTeam "MAR"]
[BlackTeam "ICCD"]
[WhiteTeamCountry "MAR"]
[BlackTeamCountry "UKR"]
[TimeControl "40/5400+30:1800+30"]

1. e4 {(00:00)} e6 {(00:00)} 2. d4 {(00:00)} d5 {(
00:00)} 3. e5 {(00:30)} c5 {(00:00)} 4. c3 {(00:24)} Nc6 {
(00:37)} 5. Nf3 {(00:57)} Qb6 {(00:07)} 6. Be2 {(
03:43)} cxd4 {(01:43)} 7. cxd4 {(02:06)} Bb4+ {(00:32)} 8.
Nc3 {(08:11)} Nge7 {(04:04)} 9. a3 {(02:12)} Bxc3+ {
(00:06)} 10. bxc3 {(00:09)} Bd7 {(04:15)} 11. O-O {
(09:05)} Rc8 {(01:30)} 12. Qd3 {(04:49)} Na5 {(04:
53)} 13. Bd2 {(07:28)} Nc4 {(02:42)} 14. Rfb1 {(04:38)}
Qc7 {(01:05)} 15. Be1 {(02:40)} a6 {(05:25)} 16. Qc2 {
(04:31)} b5 {(07:03)} 17. Bd3 {(08:47)} h6 {(11:37]
} 18. Nd2 {(03:14)} Nb6 {(06:35)} 19. Nf1 {(05:58)} Nf5 {
(04:46)} 20. Rc1 {(01:47)} h5 {(17:32)} 21. Bxf5 {(
05:43)} exf5 {(00:13)} 22. Ne3 {(00:13)} f4 {(00:28)} 23.
Nf5 {(00:14)} O-O {(04:10)} 24. Ne7+ {(01:35)} Kh8 {
(00:13)} 25. Nxc8 {(00:17)} Rxc8 {(00:20)} 26. Bd2 {
(01:53)} Na4 {(01:44)} 27. Bxf4 {(08:22)} Qxc3 {(
10:22)} 28. Qxc3 {(00:58)} Nxc3 {(00:17)} 29. Kf1 {(00:29]
} Rc4 {(00:11)} 30. Be3 {(00:35)} Bf5 {(00:46)} 31. f3 {
(01:38)} Kg8 {(01:52)} 32. Kf2 {(01:49)} Kf8 {(00:
15)} 33. h3 {(00:15)} Ke7 {(00:20)} 34. Bd2 {(02:08)} Na4
{(00:51)} 35. Rxc4 {(00:23)} bxc4 {(00:48)} 36. Bb4+ {
(00:07)} Ke6 {(00:10)} 37. g4 {(00:37)} hxg4 {(00:
33)} 38. hxg4 {(00:07)} Bd3 {(00:37)} 39. f4 {(01:17)} g6
{(00:18)} 40. Ke3 {(00:00)} Be4 {(00:00)} 41. Ra2 {
(03:51)} c3 {(03:10)} 42. Ra1 {(05:41)} c2 {(00:17]
} 43. Rc1 {(04:14)} Nb2 {(00:27)} 44. Ke2 {(04:29)} Nc4 {
(13:52)} 45. Bd2 {(08:07)} Kd7 {(01:33)} 46. a4 {(
02:46)} Nb2 {(08:57)} 47. a5 {(02:41)} Kc6 {(00:23)} 48.
Ra1 {(01:15)} Kb5 {(01:17)} 49. Ra3 {(02:29)} Nc4 {
(03:44)} 50. Rb3+ {(01:05)} Kc6 {(03:43)} 51. Rb8 {
(03:00)} Kd7 {(02:05)} 52. Rb7+ {(02:30)} Ke8 {(00:
22)} 53. Ra7 {(01:31)} Nxa5 {(00:13)} 54. Rxa6 {(00:22)}
Nb3 {(00:06)} 55. Rc6 {(00:16)} Nxd4+ {(00:06)} 0-1

[Event "42nd Olympiad Baku 2016 Women"]
[Site "Baku"]
[Date "2016.09.05"]
[Round "4.7"]
[White "Ibtihal Mohammed"]
[Black "Frijde, Reyna"]
[Result "0-1"]
[ECO "D02"]
[WhiteElo "1479"]
[BlackElo "1605"]
[Annotator ""]
[PlyCount "96"]
[EventDate "2016.??.??"]
[EventCountry "AZE"]
[SourceTitle "playchess.com"]
[Source "ChessBase"]
[WhiteTeam "Sudan"]
[BlackTeam "Surinam"]
[WhiteTeamCountry "SUD"]
[BlackTeamCountry "SUR"]
[TimeControl "40/5400+30:1800+30"]

1. d4 {(00:00)} d5 {(00:00)} 2. Nf3 {(00:00)} e6 {(
00:00)} 3. Bf4 {(00:00)} c5 {(00:14)} 4. c3 {(01:44)} Nc6
{(00:57)} 5. e3 {(00:31)} Nf6 {(00:51)} 6. h3 {(00:
19)} Be7 {(02:17)} 7. Bd3 {(00:22)} a6 {(03:37)} 8. Nbd2 {
(05:24)} O-O {(04:44)} 9. O-O {(01:35)} b5 {(00:44]
} 10. b3 {(04:17)} c4 {(02:49)} 11. Bc2 {(01:51)} Bd6 {
(10:23)} 12. Bxd6 {(03:32)} Qxd6 {(00:08)} 13. b4 {
(01:26)} Qe7 {(08:26)} 14. e4 {(01:59)} dxe4 15. Nxe4 {
(00:25)} Nd5 {(04:45)} 16. Qd2 {(02:05)} Bb7 {(03:
25)} 17. Rfe1 {(08:48)} Rfd8 {(03:22)} 18. Nc5 {(04:17)}
Qc7 {(03:49)} 19. Rxe6 {(02:33)} fxe6 {(01:33)} 20. Nxe6 {
(00:09)} Qd6 {(04:11)} 21. Nxd8 {(03:22)} Rxd8 {(
02:40)} 22. Re1 {(03:02)} Qd7 {(07:04)} 23. Ng5 {(02:06)}
Nf6 {(02:19)} 24. Qf4 {(05:01)} Re8 {(04:41)} 25. Rxe8+ {
(09:24)} Qxe8 {(00:12)} 26. Kf1 {(03:23)} Nd8 {(05:
43)} 27. Qc7 {(05:50)} h6 {(06:46)} 28. Nf7 {(03:29)} Qxf7
{(01:53)} 29. Qxd8+ {(00:29)} Qf8 {(00:16)} 30. Qb6 {
(04:04)} Qc8 {(01:14)} 31. f3 {(06:14)} Nd5 {(01:
18)} 32. Qg6 {(01:03)} Ne3+ {(02:22)} 33. Kf2 {(00:22)}
Nxc2 {(00:14)} 34. Qxc2 {(00:03)} Qe6 {(00:18)} 35. Qe2 {
(01:34)} Qf7 {(01:17)} 36. Qe5 {(00:52)} g5 {(01:
01)} 37. Qe3 {(02:30)} Kg7 {(00:48)} 38. g4 {(00:37)} Qc7
{(02:52)} 39. Qe5+ {(00:25)} Qxe5 {(00:05)} 40. dxe5 {
(00:00)} Kf7 {(00:00)} 41. Ke3 {(00:22)} Ke6 {(00:
42)} 42. f4 {(02:15)} Bg2 {(03:12)} 43. Kd4 {(05:38)} gxf4
{(00:43)} 44. h4 {(00:20)} f3 {(02:15)} 45. g5 {(
00:01)} hxg5 {(01:19)} 46. hxg5 {(00:02)} f2 {(00:11)} 47.
g6 {(00:30)} f1=Q {(00:06)} 48. g7 {(00:24)} Qf7 {(
00:12)} 0-1

[Event "42nd Olympiad Baku 2016 Women"]
[Site "Baku"]
[Date "2016.09.05"]
[Round "4.28"]
[White "Isgandarova, Khayala"]
[Black "Sultana, Zakia"]
[Result "1-0"]
[ECO "C00"]
[WhiteElo "2188"]
[BlackElo "1885"]
[Annotator ""]
[PlyCount "77"]
[EventDate "2016.??.??"]
[EventCountry "AZE"]
[SourceTitle "playchess.com"]
[Source "ChessBase"]
[WhiteTeam "Turkey"]
[BlackTeam "Bangladesh"]
[WhiteTeamCountry "TUR"]
[BlackTeamCountry "BAN"]
[TimeControl "40/5400+30:1800+30"]

1. e4 {(00:00)} e6 {(01:40)} 2. c4 {(00:00)} d5 {(
01:08)} 3. cxd5 {(00:00)} exd5 {(00:13)} 4. exd5 {(00:00)}
Qxd5 {(00:19)} 5. Nc3 {(00:13)} Qd8 {(02:02)} 6. Nf3 {
(01:18)} Nf6 {(02:05)} 7. Bc4 {(05:58)} Bd6 {(04:
49)} 8. O-O {(04:35)} O-O {(00:30)} 9. h3 {(00:35)} h6 {
(02:23)} 10. d4 {(01:43)} c6 {(00:32)} 11. Qc2 {(
07:21)} Nbd7 {(03:08)} 12. Qg6 {(05:23)} Ne8 {(10:58)} 13.
Bxh6 {(09:26)} Qf6 {(00:29)} 14. Qxf6 {(00:35)} Ndxf6 {
(00:26)} 15. Bg5 {(00:45)} Nh7 {(03:17)} 16. Ne4 {(
02:00)} Nxg5 {(01:03)} 17. Nexg5 {(00:18)} Nf6 {(01:06)}
18. Rfe1 {(01:27)} Bf5 {(01:06)} 19. g4 {(01:28)} Bd7 {
(03:18)} 20. Ne5 {(04:07)} Bxe5 {(05:56)} 21. Rxe5 {
(00:19)} Rae8 {(01:49)} 22. Rae1 {(01:01)} Nd5 {(
07:53)} 23. Bxd5 {(27:10)} cxd5 {(01:02)} 24. Nf3 {(00:34]
} Bc6 {(02:05)} 25. Kg2 {(01:38)} f6 {(01:45)} 26. Rxe8 {
(02:46)} Rxe8 {(00:27)} 27. Rxe8+ {(01:01)} Bxe8 {(
00:09)} 28. h4 {(00:12)} Kf7 {(01:35)} 29. Ne1 {(00:59)}
Ke6 {(01:51)} 30. Nd3 {(00:15)} b6 {(00:21)} 31. Kg3 {
(00:57)} Bf7 {(02:26)} 32. h5 {(04:55)} Kd6 {(02:
01)} 33. f4 {(04:42)} Kc6 {(02:14)} 34. Kh4 {(01:06)} Kb5
{(02:34)} 35. b3 {(00:25)} a5 {(00:37)} 36. f5 {(
01:11)} a4 {(00:27)} 37. g5 {(00:07)} axb3 {(01:25)} 38.
axb3 {(00:04)} Kc6 {(00:27)} 39. g6 {(00:49)} 1-0

[Event "42nd Olympiad Baku 2016 Women"]
[Site "Baku"]
[Date "2016.09.05"]
[Round "4.19"]
[White "Jacimovic, Sara"]
[Black "Zatonskih, Anna"]
[Result "0-1"]
[ECO "A03"]
[WhiteElo "1992"]
[BlackElo "2449"]
[Annotator ""]
[PlyCount "90"]
[EventDate "2016.??.??"]
[EventCountry "AZE"]
[SourceTitle "playchess.com"]
[Source "ChessBase"]
[WhiteTeam "Bosnia  Herzegovina"]
[BlackTeam "United States"]
[WhiteTeamCountry "BIH"]
[BlackTeamCountry "USA"]
[TimeControl "40/5400+30:1800+30"]

1. f4 {(00:00)} d5 {(01:37)} 2. Nf3 {(00:00)} g6 {(
03:05)} 3. e3 {(02:34)} Bg7 {(00:13)} 4. Be2 {(00:58)} Nf6
{(01:28)} 5. O-O {(01:07)} O-O {(00:09)} 6. d3 {(
01:58)} b6 {(02:41)} 7. Nbd2 {(02:07)} Bb7 {(03:22)} 8.
Ne5 {(03:21)} c5 {(17:18)} 9. Qe1 {(07:56)} e6 {(
07:05)} 10. Qg3 {(11:47)} Nc6 {(18:50)} 11. Ndf3 {(07:35)}
Nd7 {(01:29)} 12. Nxc6 {(09:13)} Bxc6 {(00:04)} 13. Qh3 {
(01:17)} Qe7 {(07:10)} 14. Ng5 {(05:35)} h6 {(05:
17)} 15. Nf3 {(00:11)} e5 {(03:47)} 16. f5 {(17:17)} e4 {
(01:46)} 17. dxe4 {(01:50)} dxe4 {(00:20)} 18. Nd2 {
(00:52)} Kh7 {(02:55)} 19. Rb1 {(01:46)} Nf6 {(03:
03)} 20. g4 {(04:47)} Nd5 {(02:47)} 21. c3 {(02:00)} Rad8
{(04:11)} 22. Rf2 {(01:36)} Bf6 {(05:36)} 23. Nf1 {
(04:03)} Bh4 {(00:12)} 24. Ng3 {(01:26)} Bg5 {(00:
09)} 25. Nf1 {(01:16)} Bh4 {(01:31)} 26. Ng3 {(00:08)} Bg5
{(00:07)} 27. Nf1 {(00:10)} Nf6 {(02:39)} 28. c4 {(
03:43)} Nd7 {(00:41)} 29. Bd2 {(00:48)} Ne5 {(00:27)} 30.
Bc3 {(00:39)} Nf3+ {(01:15)} 31. Kh1 {(02:15)} gxf5 {
(00:08)} 32. gxf5 {(00:45)} Rg8 {(00:26)} 33. Rg2 {
(02:19)} Bh4 {(02:14)} 34. Ng3 {(00:46)} Rg5 {(01:
40)} 35. f6 {(01:57)} Qd7 {(01:08)} 36. Qxd7 {(00:23)}
Rxd7 {(00:03)} 37. Rd1 {(00:23)} Rxd1+ {(00:28)} 38. Bxd1
{(00:02)} Kg6 {(01:03)} 39. Bc2 {(00:12)} Bxg3 {(
00:06)} 40. Rxg3 {(00:00)} Rxg3 {(00:00)} 41. hxg3 {(00:
40)} Kf5 {(01:14)} 42. Bd1 {(02:15)} Ne5 {(03:13)} 43. Bh5
{(00:32)} Be8 {(00:36)} 44. Kg2 {(04:04)} Nxc4 {(
04:06)} 45. Bd1 {(02:12)} Nxe3+ {(00:20)} 0-1

[Event "42nd Olympiad Baku 2016 Women"]
[Site "Baku"]
[Date "2016.09.05"]
[Round "4.3"]
[White "Jacobs, Annelaine"]
[Black "Persaud, Yolander"]
[Result "1-0"]
[ECO "B13"]
[WhiteElo "1679"]
[BlackElo "1151"]
[Annotator ""]
[PlyCount "49"]
[EventDate "2016.??.??"]
[EventCountry "AZE"]
[SourceTitle "playchess.com"]
[Source "ChessBase"]
[WhiteTeam "ARU"]
[BlackTeam "Guyana"]
[BlackTeamCountry "GUY"]
[TimeControl "40/5400+30:1800+30"]

1. e4 {(00:00)} c6 {(00:00)} 2. d4 {(00:00)} d5 {(
00:00)} 3. exd5 {(00:00)} cxd5 {(00:00)} 4. Bd3 {(00:02)}
Nc6 {(00:08)} 5. c3 {(00:11)} e6 {(00:39)} 6. Bf4 {
(02:13)} Qb6 {(01:43)} 7. Qc2 {(00:41)} Nf6 {(01:
10)} 8. Nd2 {(04:35)} Be7 {(03:58)} 9. Ngf3 {(00:35)} O-O
{(07:03)} 10. O-O {(01:04)} Bd7 {(05:55)} 11. Ne5 {
(22:16)} Rfc8 {(04:36)} 12. Qb1 {(04:37)} Nxd4 {(
09:33)} 13. Nxd7 {(04:25)} Nxd7 {(02:16)} 14. cxd4 {(00:
06)} Qxd4 {(03:33)} 15. Be3 {(00:12)} Qf6 {(10:21)} 16.
Bxh7+ {(02:35)} Kh8 {(05:29)} 17. Bd3 {(00:10)} d4 {
(01:33)} 18. Ne4 {(00:06)} Qe5 {(04:03)} 19. Bd2 {(
00:55)} b5 {(07:48)} 20. f4 {(06:10)} Qd5 {(06:47)} 21.
Rf3 {(00:52)} Kg8 {(04:41)} 22. Qe1 {(09:10)} Nc5 {
(08:28)} 23. Nxc5 {(04:11)} Bxc5 {(02:06)} 24. Be4 {
(01:27)} d3+ {(08:21)} 25. Kh1 {(00:09)} 1-0

[Event "42nd Olympiad Baku 2016 Women"]
[Site "Baku"]
[Date "2016.09.05"]
[Round "4.14"]
[White "Jalaluldeen, Kareen Kamal J"]
[Black "Kannappan, Sigappi"]
[Result "0-1"]
[ECO "E83"]
[WhiteElo "1824"]
[BlackElo "1864"]
[Annotator ""]
[PlyCount "76"]
[EventDate "2016.??.??"]
[EventCountry "AZE"]
[SourceTitle "playchess.com"]
[Source "ChessBase"]
[WhiteTeam "Iraq"]
[BlackTeam "Hong Kong"]
[WhiteTeamCountry "IRQ"]
[BlackTeamCountry "HKG"]
[TimeControl "40/5400+30:1800+30"]

1. d4 {(00:00)} Nf6 {(00:00)} 2. c4 {(00:00)} g6 {(
00:00)} 3. Nc3 {(00:01)} Bg7 {(00:00)} 4. e4 {(00:18)} d6
{(00:04)} 5. f3 {(00:14)} O-O {(00:06)} 6. Be3 {(
00:15)} Nc6 {(00:12)} 7. Nge2 {(01:48)} a6 {(00:17)} 8.
Qd2 {(02:56)} Na5 {(00:06)} 9. Nc1 {(02:29)} Nd7 {(
00:14)} 10. Bd3 {(13:51)} c5 {(01:23)} 11. N1e2 {(03:36)}
Rb8 {(13:55)} 12. O-O {(02:47)} b5 {(10:43)} 13. cxb5 {
(05:25)} c4 {(00:08)} 14. Bc2 {(00:23)} axb5 {(00:
20)} 15. Nd5 {(06:02)} Nc6 {(03:09)} 16. b3 {(04:47)} e6 {
(05:27)} 17. Nb4 {(02:12)} Nxb4 {(00:25)} 18. Qxb4 {
(00:15)} d5 {(06:04)} 19. e5 {(05:56)} Qb6 {(10:25]
} 20. Rfb1 {(04:31)} Bxe5 {(01:36)} 21. bxc4 {(07:08)}
dxc4 {(01:06)} 22. a4 {(01:21)} Bd6 {(03:32)} 23. Qxb5 {
(02:34)} Qc7 {(00:10)} 24. Qg5 {(00:33)} Rxb1+ {(
12:45)} 25. Rxb1 {(00:16)} Nb6 {(06:42)} 26. Nf4 {(05:39)}
Nd5 {(04:36)} 27. Nxd5 {(03:55)} exd5 {(00:04)} 28. g3 {
(03:55)} Re8 {(01:20)} 29. Kf2 {(02:17)} Be6 {(06:
05)} 30. Qh4 {(04:45)} Qd7 {(05:18)} 31. Qg5 Be7 {(00:28)}
32. Qh6 {(04:31)} Bf5 {(00:38)} 33. Bxf5 {(01:25)} Qxf5 {
(00:02)} 34. Ra1 {(03:31)} Qc2+ {(00:36)} 35. Kg1 {
(00:22)} Bf8 {(01:46)} 36. Qf4 {(00:51)} Qc3 {(00:
20)} 37. Rb1 {(01:24)} Qxe3+ {(00:42)} 38. Qxe3 {(00:10)}
Rxe3 {(00:01)} 0-1

[Event "42nd Olympiad Baku 2016 Women"]
[Site "Baku"]
[Date "2016.09.05"]
[Round "4.12"]
[White "Jambo, Linda"]
[Black "Fisher, Michelle M"]
[Result "0-1"]
[ECO "B70"]
[WhiteElo "1561"]
[BlackElo "1701"]
[Annotator ""]
[PlyCount "82"]
[EventDate "2016.??.??"]
[EventCountry "AZE"]
[SourceTitle "playchess.com"]
[Source "ChessBase"]
[WhiteTeam "MAW"]
[BlackTeam "South Africa"]
[BlackTeamCountry "RSA"]
[TimeControl "40/5400+30:1800+30"]

1. e4 {(00:00)} c5 {(00:00)} 2. Nf3 {(00:00)} d6 {(
00:00)} 3. d4 {(00:00)} cxd4 {(00:00)} 4. Nxd4 {(00:00)}
Nf6 {(00:00)} 5. Nc3 {(00:00)} g6 {(00:03)} 6. Be2 {
(00:09)} Bg7 {(00:06)} 7. O-O {(00:10)} O-O {(00:
14)} 8. a4 {(00:23)} Nc6 {(00:16)} 9. Be3 {(01:18)} Bd7 {
(04:20)} 10. Qd2 {(07:50)} Re8 {(17:01)} 11. h3 {(
01:55)} a5 {(04:22)} 12. Kh1 {(04:26)} Nb4 {(02:35)} 13.
f3 {(12:48)} Bc6 {(17:20)} 14. Bb5 {(02:14)} Nd7 {(
03:52)} 15. Bxc6 {(08:09)} bxc6 {(00:36)} 16. Nd1 {(06:09]
} Ne5 {(07:52)} 17. c3 {(07:32)} Nc4 {(04:53)} 18. Qe2 {
(06:58)} Nxe3 {(00:23)} 19. Nxe3 {(01:37)} Bxd4 {(
03:38)} 20. cxd4 {(01:23)} Qb6 {(01:58)} 21. Rfd1 {(03:05]
} Rec8 {(02:24)} 22. Ra3 {(17:58)} Rab8 {(06:40)} 23. Rc3
{(04:26)} d5 {(04:07)} 24. exd5 {(02:16)} cxd5 {(
00:02)} 25. Rb3 {(03:45)} Qc6 {(02:15)} 26. Ra3 {(01:35)}
Qe6 {(02:30)} 27. Qd2 {(01:15)} Qb6 {(01:05)} 28. Rb3 {
(01:03)} Qc6 {(00:52)} 29. Ra3 {(01:27)} e6 {(00:
47)} 30. b3 {(00:26)} Qc3 {(02:18)} 31. Qxc3 {(02:11)}
Rxc3 {(00:03)} 32. Ng4 {(00:07)} Rbc8 {(04:28)} 33. Nf6+ {
(00:17)} Kg7 {(00:35)} 34. Nd7 {(00:14)} Nd3 {(03:
40)} 35. Kh2 {(00:45)} Rd8 {(01:54)} 36. Ne5 {(01:27)}
Nxe5 {(00:08)} 37. dxe5 {(00:07)} Re3 {(02:13)} 38. f4 {
(00:13)} Rb8 {(00:41)} 39. Rd4 {(02:24)} Rbxb3 {(
01:22)} 40. Rxb3 {(00:00)} Rxb3 {(00:00)} 41. Rd2 {(05:43]
} Rb4 {(00:42)} 0-1

[Event "42nd Olympiad Baku 2016 Women"]
[Site "Baku"]
[Date "2016.09.05"]
[Round "4.8"]
[White "James, Shemilah"]
[Black "Rutherford, Kathleen"]
[Result "0-1"]
[ECO "B01"]
[WhiteElo "1495"]
[BlackElo "1643"]
[Annotator ""]
[PlyCount "62"]
[EventDate "2016.??.??"]
[EventCountry "AZE"]
[SourceTitle "playchess.com"]
[Source "ChessBase"]
[WhiteTeam "TTO"]
[BlackTeam "Scotland"]
[BlackTeamCountry "SCO"]
[TimeControl "40/5400+30:1800+30"]

1. e4 {(00:00)} d5 {(00:00)} 2. exd5 {(00:00)} Qxd5 {
(00:00)} 3. Nc3 {(00:08)} Qd8 {(00:00)} 4. Bc4 {(
01:11)} e5 {(02:40)} 5. d3 {(03:34)} Nf6 {(02:30)} 6. h3 {
(03:36)} a6 {(03:55)} 7. Bb3 {(03:32)} Nbd7 {(06:
02)} 8. Nf3 {(01:33)} b5 {(01:27)} 9. O-O {(02:20)} Bd6 {
(02:31)} 10. Bg5 {(00:56)} O-O {(01:36)} 11. Re1 {(
06:53)} Bb7 {(03:22)} 12. Nd5 {(11:38)} h6 {(08:16)} 13.
Nxf6+ {(02:49)} Nxf6 {(01:17)} 14. Bh4 {(02:10)} Re8 {
(03:46)} 15. Re3 {(10:15)} Bc5 {(14:23)} 16. Rxe5 {
(09:22)} Qd6 {(24:20)} 17. Bg3 {(12:35)} Rxe5 {(04:
22)} 18. Nxe5 {(05:22)} Bxf2+ {(05:01)} 19. Kxf2 {(03:25)}
Qd4+ {(04:23)} 20. Kf1 {(02:53)} c5 {(04:40)} 21. Bxf7+ {
(02:42)} Kh8 {(01:58)} 22. Ng6+ {(02:19)} Kh7 {(00:
11)} 23. Be5 {(01:21)} Qd7 {(01:08)} 24. Bxf6 {(04:33)}
Qxf7 {(00:31)} 25. Nf4 {(01:59)} Qxf6 {(00:13)} 26. Qg4 {
(00:41)} Rf8 {(00:22)} 27. g3 {(00:32)} g5 {(00:14]
} 28. Qd7+ {(01:38)} Rf7 {(00:29)} 29. Qg4 {(01:03)} gxf4
{(00:24)} 30. Kg1 {(01:01)} Qd4+ {(00:36)} 31. Kh2 {
(00:36)} Qf2# 0-1

[Event "42nd Olympiad Baku 2016 Women"]
[Site "Baku"]
[Date "2016.09.05"]
[Round "4.23"]
[White "Jehad, Aysha"]
[Black "Narva, Triin"]
[Result "0-1"]
[ECO "B07"]
[WhiteElo "1668"]
[BlackElo "2023"]
[Annotator ""]
[PlyCount "66"]
[EventDate "2016.??.??"]
[EventCountry "AZE"]
[SourceTitle "playchess.com"]
[Source "ChessBase"]
[WhiteTeam "United Arab Emirates"]
[BlackTeam "Estonia"]
[WhiteTeamCountry "UAE"]
[BlackTeamCountry "EST"]
[TimeControl "40/5400+30:1800+30"]

1. e4 {(00:00)} d6 {(00:00)} 2. d4 {(00:00)} Nf6 {(
00:00)} 3. Nc3 {(01:31)} g6 {(00:34)} 4. g3 {(04:25)} Bg7
{(01:09)} 5. Bg2 {(02:35)} O-O {(01:43)} 6. Nf3 {(
06:56)} Nc6 {(08:47)} 7. O-O {(04:01)} Bg4 {(05:32)} 8. h3
{(05:15)} Bxf3 {(02:48)} 9. Bxf3 {(02:08)} e5 {(01:
37)} 10. dxe5 {(10:55)} Nxe5 {(01:12)} 11. Bg2 {(06:52)}
Re8 {(10:10)} 12. f4 {(27:08)} Nc4 {(17:03)} 13. Qd3 {
(03:49)} Nb6 {(05:38)} 14. Bd2 {(03:12)} c6 {(07:
28)} 15. Rae1 {(06:49)} Qc7 {(06:16)} 16. Rf3 {(06:40)}
Rad8 {(02:44)} 17. Qf1 {(02:05)} Nfd7 {(04:30)} 18. Rf2 {
(03:02)} Nc5 {(02:54)} 19. f5 {(01:00)} Bd4 {(10:
15)} 20. Be3 {(00:14)} Bxe3 {(06:30)} 21. Rxe3 {(00:01)}
g5 {(00:10)} 22. f6 {(01:03)} d5 {(00:24)} 23. Qe2 {
(00:47)} d4 {(03:17)} 24. Qh5 {(00:40)} Re5 {(00:
48)} 25. Qh6 {(00:30)} Ne6 {(00:06)} 26. Rf5 {(00:43)}
dxe3 {(00:18)} 27. h4 {(00:35)} gxh4 {(01:02)} 28. gxh4 {
(00:27)} e2 {(00:32)} 29. Nxe2 {(00:16)} Rd1+ {(00:
12)} 30. Kf2 {(00:40)} Nd7 {(00:28)} 31. Nf4 {(00:37)}
Rxf5 {(00:15)} 32. exf5 {(00:18)} Qxf4+ {(00:04)} 33. Qxf4
{(00:05)} Nxf4 {(00:03)} 0-1

[Event "42nd Olympiad Baku 2016 Women"]
[Site "Baku"]
[Date "2016.09.05"]
[Round "4.33"]
[White "Jennitha, Anto K"]
[Black "Ishizuka, Mirai"]
[Result "1/2-1/2"]
[ECO "A05"]
[WhiteElo "1953"]
[BlackElo "1778"]
[Annotator ""]
[PlyCount "60"]
[EventDate "2016.??.??"]
[EventCountry "AZE"]
[SourceTitle "playchess.com"]
[Source "ChessBase"]
[WhiteTeam "IPCA"]
[BlackTeam "JPN"]
[WhiteTeamCountry "IND"]
[BlackTeamCountry "JPN"]
[TimeControl "40/5400+30:1800+30"]

1. Nf3 {(00:00)} Nf6 {(00:00)} 2. g3 {(00:00)} g6 {
(00:00)} 3. d3 {(00:22)} Bg7 {(00:01)} 4. Bg2 {(00:
10)} d5 {(02:14)} 5. Nbd2 {(00:37)} O-O {(00:55)} 6. O-O {
(00:16)} b6 {(00:57)} 7. c4 {(07:36)} e6 {(00:19)}
8. Rb1 {(02:31)} Bb7 {(01:32)} 9. b3 {(07:51)} c5 {
(02:19)} 10. Bb2 {(03:45)} Nc6 {(00:38)} 11. Ne5 {(
13:56)} Qc7 {(05:29)} 12. Nxc6 {(03:19)} Bxc6 {(02:07)}
13. e3 {(03:33)} Rad8 {(01:56)} 14. Qe2 {(07:10)} Rfe8 {
(05:18)} 15. Rfd1 {(07:30)} e5 {(05:38)} 16. e4 {(
03:10)} dxe4 {(03:50)} 17. dxe4 {(02:16)} Nd7 {(03:39)}
18. Nf1 {(02:15)} Bh6 {(02:47)} 19. Ne3 {(01:45)} Bxe3 {
(00:41)} 20. Qxe3 {(00:05)} Nf8 {(00:31)} 21. f4 {(
10:10)} f6 {(08:20)} 22. fxe5 {(03:18)} fxe5 {(00:05)} 23.
Qg5 {(00:57)} Rd6 {(06:01)} 24. Rxd6 {(05:13)} Qxd6 {
(00:42)} 25. Rf1 {(00:06)} Nd7 {(04:38)} 26. Qe3 {(
03:21)} Nf6 {(10:03)} 27. Bf3 {(00:42)} Qe7 {(06:04)} 28.
Rd1 {(01:46)} Kg7 {(05:26)} 29. h3 {(01:43)} Qb7 {(
02:27)} 30. Re1 {(00:34)} Qe7 {(04:10)} 1/2-1/2